TOP OF THE 1ST |
Springfield Stars batting - Pitching for Birmingham Steeldogs : RHP Manuel Romero
|
Pitching: RHP Manuel Romero
|
|
Batting: RHB Juan Rodríguez
|
0-0: Ball 1-0: Called Strike 1-1: Ball 2-1: SINGLE (Line Drive, 7LS)
|
Batting: RHB Calvin Bennett
|
0-0: Foul Ball, location: 2F 0-1: DOUBLE (Line Drive, 9LD) Juan Rodríguez to third
|
Batting: LHB Derek Davidson
|
0-0: Ball 1-0: Swinging Strike 1-1: Foul Ball, location: 2F 1-2: Fly out, F9 (Flyball, 9LDF) Runner from 3rd tags up, SCORES, no throw Calvin Bennett to third
|
Batting: LHB Felipe Guerrero
|
0-0: Ball 1-0: Called Strike 1-1: Swinging Strike 1-2: Strikes out swinging
|
Batting: LHB Elliott Newell
|
0-0: Ball 1-0: Ball 2-0: Foul Ball, location: 2F 2-1: Called Strike 2-2: Ball 3-2: Foul Ball, location: 2F 3-2: Foul Ball, location: 2F 3-2: Foul Ball, location: 2F 3-2: 2-RUN HOME RUN (Line Drive, 78XD), Distance : 394 ft
|
Batting: SHB Shane Hutchinson
|
0-0: Ball 1-0: Called Strike 1-1: SINGLE (Groundball, 56D)
|
Batting: RHB Juan Carlos Rodríguez
|
0-0: Ball 1-0: Foul Ball, location: 2F 1-1: Fly out, F8 (Flyball, 8RS)
|
Top of the 1st over - 3 run(s), 4 hit(s), 0 error(s), 1 left on base; Springfield 3 - Birmingham 0 |
BOTTOM OF THE 1ST |
Birmingham Steeldogs batting - Pitching for Springfield Stars : RHP Kyu-pyeong Pak
|
Pitching: RHP Kyu-pyeong Pak
|
|
Batting: RHB Nick Webb
|
0-0: Called Strike 0-1: Ground out 5-3 (Groundball, 15S)
|
Batting: LHB Glenn Garrett
|
0-0: Foul Ball, location: 2F 0-1: Ball 1-1: Ball 2-1: Foul Ball, location: 2F 2-2: Ball 3-2: Foul Ball, location: 2F 3-2: SINGLE (Line Drive, 8RS)
|
Batting: LHB Chris Miller
|
0-0: Ball 1-0: Called Strike 1-1: Ball 2-1: Ball 3-1: Foul Ball, location: 2F 3-2: Foul Ball, location: 2F 3-2: Grounds into double play, 1-4-3 (Groundball, 15)
|
Bottom of the 1st over - 0 run(s), 1 hit(s), 0 error(s), 0 left on base; Springfield 3 - Birmingham 0 |
TOP OF THE 2ND |
Springfield Stars batting - Pitching for Birmingham Steeldogs : RHP Manuel Romero
|
Batting: RHB Alberto Campos
|
0-0: Ball 1-0: Called Strike 1-1: Ball 2-1: Called Strike 2-2: Foul Ball, location: 2F 2-2: Fly out, F4 (Line Drive, 4)
|
Batting: LHB Jesús Tobías
|
0-0: Ground out 1-3 (Groundball, 25)
|
Batting: RHB Juan Rodríguez
|
0-0: Ball 1-0: Ball 2-0: Fly out, F8 (Popup, 78S)
|
Top of the 2nd over - 0 run(s), 0 hit(s), 0 error(s), 0 left on base; Springfield 3 - Birmingham 0 |
BOTTOM OF THE 2ND |
Birmingham Steeldogs batting - Pitching for Springfield Stars : RHP Kyu-pyeong Pak
|
Batting: LHB Arturo Molina
|
0-0: Ball 1-0: Called Strike 1-1: Called Strike 1-2: Strikes out swinging
|
Batting: RHB Raúl Soto
|
0-0: Foul Ball, location: 2F 0-1: Ball 1-1: Fly out, F8 (Flyball, 8RXD)
|
Batting: LHB Mitchell Oglethorpe
|
0-0: SOLO HOME RUN (Flyball, 9LD), Distance : 371 ft
|
Batting: LHB José Sánchez
|
0-0: Foul Ball, location: 2F 0-1: Ball 1-1: SINGLE (Line Drive, 6M)
|
Batting: RHB Eric Johnson
|
0-0: Called Strike 0-1: Ball 1-1: Ball 2-1: Fly out, F9 (Flyball, 9LD)
|
Bottom of the 2nd over - 1 run(s), 2 hit(s), 0 error(s), 1 left on base; Springfield 3 - Birmingham 1 |
TOP OF THE 3RD |
Springfield Stars batting - Pitching for Birmingham Steeldogs : RHP Manuel Romero
|
Batting: RHB Calvin Bennett
|
0-0: Ball 1-0: Called Strike 1-1: Swinging Strike 1-2: Strikes out looking
|
Batting: LHB Derek Davidson
|
0-0: Ball 1-0: Foul Ball, location: 2F 1-1: Foul Ball, location: 2F 1-2: Ball 2-2: Ball 3-2: Base on Balls
|
Batting: LHB Felipe Guerrero
|
0-0: Ball 1-0: Called Strike 1-1: Ball 2-1: Swinging Strike 2-2: Strikes out swinging
|
Batting: LHB Elliott Newell
|
0-0: Ball 1-0: Ball 2-0: Ball 3-0: Called Strike 3-1: Foul Ball, location: 2F 3-2: Ground out 5-3 (Groundball, 5L)
|
Top of the 3rd over - 0 run(s), 0 hit(s), 0 error(s), 1 left on base; Springfield 3 - Birmingham 1 |
BOTTOM OF THE 3RD |
Birmingham Steeldogs batting - Pitching for Springfield Stars : RHP Kyu-pyeong Pak
|
Batting: LHB José Martínez
|
0-0: Ground out 5-3 (Groundball, 5)
|
Batting: RHB Nick Webb
|
0-0: SINGLE (Line Drive, 8LS)
|
Batting: LHB Glenn Garrett
|
0-0: Called Strike Nick Webb steals 2nd base 0-1: Ball 1-1: DOUBLE (Groundball, 3D) Nick Webb scores
|
Batting: LHB Chris Miller
|
0-0: Ball 1-0: Foul Ball, location: 2F 1-1: Foul Ball, location: 2F 1-2: Ball 2-2: Ground out 6-3 (Groundball, 6M) Glenn Garrett to third
|
Batting: LHB Arturo Molina
|
0-0: Reached on error, E4 (Groundball, 4) Glenn Garrett scores
|
Batting: RHB Raúl Soto
|
0-0: Called Strike 0-1: Ball 1-1: Ball 2-1: Called Strike 2-2: SINGLE (Line Drive, 56) Arturo Molina to third
|
Batting: LHB Mitchell Oglethorpe
|
0-0: Called Strike 0-1: Called Strike 0-2: Ball 1-2: Ball 2-2: Ball 3-2: Strikes out swinging
|
Bottom of the 3rd over - 2 run(s), 3 hit(s), 1 error(s), 2 left on base; Springfield 3 - Birmingham 3 |
TOP OF THE 4TH |
Springfield Stars batting - Pitching for Birmingham Steeldogs : RHP Manuel Romero
|
Batting: SHB Shane Hutchinson
|
0-0: Ball 1-0: Ball 2-0: Ball 3-0: Base on Balls
|
Batting: RHB Juan Carlos Rodríguez
|
0-0: Ball Shane Hutchinson is caught stealing 2nd base 1-0: Foul Ball, location: 2F 1-1: SINGLE (Groundball, 13) (infield hit)
|
Batting: RHB Alberto Campos
|
0-0: SINGLE (Line Drive, 7S) Juan Carlos Rodríguez to second
|
Batting: LHB Jesús Tobías
|
0-0: Called Strike 0-1: Foul Ball, location: 2F 0-2: Foul Ball, location: 2F 0-2: Ground out 4-3 (Groundball, 4S) Juan Carlos Rodríguez to third Alberto Campos to second
|
Batting: RHB Juan Rodríguez
|
0-0: Foul Ball, location: 2F 0-1: Fly out, F2 (Popup, 2LF)
|
Top of the 4th over - 0 run(s), 2 hit(s), 0 error(s), 2 left on base; Springfield 3 - Birmingham 3 |
BOTTOM OF THE 4TH |
Birmingham Steeldogs batting - Pitching for Springfield Stars : RHP Kyu-pyeong Pak
|
Batting: LHB José Sánchez
|
0-0: Called Strike 0-1: SOLO HOME RUN (Flyball, 89XD), Distance : 401 ft
|
Batting: RHB Eric Johnson
|
0-0: Ball 1-0: SINGLE (Groundball, 34D)
|
Batting: LHB José Martínez
|
0-0: Ball Eric Johnson is caught stealing 2nd base 1-0: Ball 2-0: Ball 3-0: Called Strike 3-1: Fly out, F7 (Flyball, 78XD)
|
Batting: RHB Nick Webb
|
0-0: Called Strike 0-1: Called Strike 0-2: Ball 1-2: Ball 2-2: SINGLE (Line Drive, 56D)
|
Batting: LHB Glenn Garrett
|
0-0: Fly out, F8 (Flyball, 8LS)
|
Bottom of the 4th over - 1 run(s), 3 hit(s), 0 error(s), 1 left on base; Springfield 3 - Birmingham 4 |
TOP OF THE 5TH |
Springfield Stars batting - Pitching for Birmingham Steeldogs : RHP Manuel Romero
|
Batting: RHB Calvin Bennett
|
0-0: Ball 1-0: Ball 2-0: Called Strike 2-1: Called Strike 2-2: Fly out, F8 (Flyball, 8LXD)
|
Batting: LHB Derek Davidson
|
0-0: Called Strike 0-1: Ground out 4-3 (Groundball, 4M)
|
Batting: LHB Felipe Guerrero
|
0-0: Ball 1-0: Called Strike 1-1: DOUBLE (Line Drive, 89D)
|
Batting: LHB Elliott Newell
|
Pickoff Throw to Second - Error! E1 Felipe Guerrero to third 0-0: Ball 1-0: Ball 2-0: Ball 3-0: Foul Ball, location: 2F 3-1: Ground out 5-3 (Groundball, 56S)
|
Top of the 5th over - 0 run(s), 1 hit(s), 1 error(s), 1 left on base; Springfield 3 - Birmingham 4 |
BOTTOM OF THE 5TH |
Birmingham Steeldogs batting - Pitching for Springfield Stars : RHP Kyu-pyeong Pak
|
Batting: LHB Chris Miller
|
0-0: Called Strike 0-1: Ball 1-1: Ground out U3 (Groundball, 3)
|
Batting: LHB Arturo Molina
|
0-0: Called Strike 0-1: Ball 1-1: Ball 2-1: Fly out, F3 (Line Drive, 3)
|
Batting: RHB Raúl Soto
|
0-0: Ball 1-0: Ball 2-0: Ball 3-0: Called Strike 3-1: Foul Ball, location: 2F 3-2: Base on Balls
|
Batting: LHB Mitchell Oglethorpe
|
0-0: Ball Raúl Soto is caught stealing 2nd base
|
Bottom of the 5th over - 0 run(s), 0 hit(s), 0 error(s), 0 left on base; Springfield 3 - Birmingham 4 |
TOP OF THE 6TH |
Springfield Stars batting - Pitching for Birmingham Steeldogs : RHP Manuel Romero
|
Batting: SHB Shane Hutchinson
|
0-0: Foul Ball, location: 2F 0-1: Ball 1-1: SINGLE (Line Drive, 9S)
|
Pitching: RHP Craig Draper
|
|
Batting: RHB Juan Carlos Rodríguez
|
0-0: Grounds into double play, 1-6-3 (Groundball, 13S)
|
Batting: RHB Alberto Campos
|
0-0: Called Strike 0-1: Ball 1-1: Foul Ball, location: 2F 1-2: Ball 2-2: Strikes out swinging
|
Top of the 6th over - 0 run(s), 1 hit(s), 0 error(s), 0 left on base; Springfield 3 - Birmingham 4 |
BOTTOM OF THE 6TH |
Birmingham Steeldogs batting - Pitching for Springfield Stars : RHP Kyu-pyeong Pak
|
Batting: LHB Mitchell Oglethorpe
|
0-0: Ball 1-0: Called Strike 1-1: Called Strike 1-2: Strikes out looking
|
Batting: LHB José Sánchez
|
0-0: Ball 1-0: Foul Ball, location: 2F 1-1: Ball 2-1: Ball 3-1: Foul Ball, location: 2F 3-2: Fly out, F4 (Flyball, 9LM)
|
Batting: RHB Eric Johnson
|
0-0: Ball 1-0: Called Strike 1-1: Ball 2-1: Foul Ball, location: 2F 2-2: Foul Ball, location: 2F 2-2: Foul Ball, location: 2F 2-2: Strikes out swinging
|
Bottom of the 6th over - 0 run(s), 0 hit(s), 0 error(s), 0 left on base; Springfield 3 - Birmingham 4 |
TOP OF THE 7TH |
Springfield Stars batting - Pitching for Birmingham Steeldogs : RHP Craig Draper
|
Batting: LHB Jesús Tobías
|
0-0: Ball 1-0: Called Strike 1-1: Ball 2-1: Ball 3-1: Base on Balls
|
Batting: RHB Juan Rodríguez
|
0-0: Foul Ball, location: 2F 0-1: Ball 1-1: Ball 2-1: Ball 3-1: Swinging Strike 3-2: Foul Ball, location: 2F 3-2: Foul Ball, location: 2F 3-2: Foul Ball, location: 2F 3-2: Fly out, F3 (Popup, 3SF)
|
Batting: RHB Calvin Bennett
|
0-0: Ball 1-0: Fly out, F9 (Flyball, 9LM)
|
Batting: LHB Derek Davidson
|
0-0: Called Strike 0-1: Ball 1-1: Foul Ball, location: 2F 1-2: Ball 2-2: Fly out, F9 (Line Drive, 9S)
|
Top of the 7th over - 0 run(s), 0 hit(s), 0 error(s), 1 left on base; Springfield 3 - Birmingham 4 |
BOTTOM OF THE 7TH |
Birmingham Steeldogs batting - Pitching for Springfield Stars : RHP Kyu-pyeong Pak
|
Pitching: RHP Jorge Delgado
|
|
Batting: LHB José Martínez
|
0-0: Ball 1-0: SINGLE (Line Drive, 89S)
|
Batting: RHB Nick Webb
|
0-0: Bunted foul 0-1: Sac Bunt - play at first, batter OUT! 1-4 José Martínez to second
|
Batting: LHB Glenn Garrett
|
0-0: Ball 1-0: Called Strike 1-1: Foul Ball, location: 2F 1-2: Ball 2-2: Fly out, F9 (Flyball, 89M)
|
Batting: LHB Chris Miller
|
0-0: Ground out 4-3 (Groundball, 34D)
|
Bottom of the 7th over - 0 run(s), 1 hit(s), 0 error(s), 1 left on base; Springfield 3 - Birmingham 4 |
TOP OF THE 8TH |
Springfield Stars batting - Pitching for Birmingham Steeldogs : RHP Craig Draper
|
Pitching: RHP Pete Cook
|
|
Batting: LHB Felipe Guerrero
|
0-0: Ball 1-0: Ball 2-0: Ball 3-0: Called Strike 3-1: Foul Ball, location: 2F 3-2: Foul Ball, location: 2F 3-2: Base on Balls
|
Batting: LHB Elliott Newell
|
0-0: Ball 1-0: Ball 2-0: Called Strike 2-1: Ball 3-1: Swinging Strike 3-2: Foul Ball, location: 2F 3-2: Strikes out swinging
|
Batting: SHB Shane Hutchinson
|
0-0: Ground out 5-3 (Groundball, 56) Felipe Guerrero to second
|
Batting: RHB Juan Carlos Rodríguez
|
0-0: Foul Ball, location: 2F 0-1: Ball 1-1: DOUBLE (Line Drive, 7LS) Felipe Guerrero scores
|
Batting: RHB Alberto Campos
|
0-0: Fly out, F4 (Line Drive, 4)
|
Top of the 8th over - 1 run(s), 1 hit(s), 0 error(s), 1 left on base; Springfield 4 - Birmingham 4 |
BOTTOM OF THE 8TH |
Birmingham Steeldogs batting - Pitching for Springfield Stars : RHP Jorge Delgado
|
Batting: LHB Arturo Molina
|
0-0: Called Strike 0-1: Ball 1-1: Ball 2-1: Foul Ball, location: 2F 2-2: Foul Ball, location: 2F 2-2: Ball 3-2: DOUBLE (Line Drive, 89M)
|
Batting: RHB Raúl Soto
|
0-0: Called Strike 0-1: Foul Ball, location: 2F 0-2: Strikes out swinging
|
Batting: LHB Mitchell Oglethorpe
|
0-0: Foul Ball, location: 2F 0-1: Ball 1-1: Called Strike 1-2: Ball Balk! Arturo Molina to third 2-2: Ball 3-2: Foul Ball, location: 2F 3-2: Foul Ball, location: 2F 3-2: Fly out, F7 (Line Drive, 78D) Runner from 3rd tags up, SCORES, no throw
|
Batting: LHB José Sánchez
|
0-0: Called Strike 0-1: Ball 1-1: Ground out U3 (Groundball, 3L)
|
Bottom of the 8th over - 1 run(s), 1 hit(s), 0 error(s), 0 left on base; Springfield 4 - Birmingham 5 |
TOP OF THE 9TH |
Springfield Stars batting - Pitching for Birmingham Steeldogs : RHP Pete Cook
|
Pitching: RHP David Simpson
|
|
Now at 1B: Júlio Pacheco
|
|
Batting: LHB Jesús Tobías
|
0-0: Called Strike 0-1: Called Strike 0-2: Ball 1-2: Ball 2-2: Ball 3-2: Foul Ball, location: 2F 3-2: Fly out, F9 (Line Drive, 9D)
|
Batting: RHB Juan Rodríguez
|
0-0: Called Strike 0-1: Swinging Strike 0-2: Ball 1-2: Strikes out swinging
|
Batting: RHB Calvin Bennett
|
0-0: Foul Ball, location: 2F 0-1: Called Strike 0-2: Ball 1-2: Ball 2-2: Strikes out swinging
|
Top of the 9th over - 0 run(s), 0 hit(s), 0 error(s), 0 left on base; Springfield 4 - Birmingham 5 |
|